 Dungeon Crawl Stone Soup version 0.19-a0-1773-gaa448fe (webtiles) character file.

37 Itekku the Skirmisher (level 3, -3/31 HPs)
             Began as a Draconian Fighter on Oct 14, 2016.
             Slain by a hobgoblin (7 damage)
             ... led by Robin
             ... on level 1 of the Dungeon.
             The game lasted 00:07:12 (1589 turns).

Itekku the Skirmisher (Draconian Fighter)           Turns: 1589, Time: 00:07:12

Health: -3/31      AC:  0    Str: 19    XL:     3   Next: 23%
Magic:  3/3        EV: 21    Int:  8    God:
Gold:   13         SH:  0    Dex: 15    Spells: 0 memorised, 2 levels left

rFire  . . .     SeeInvis .     (weapon currently unavailable)
rCold  . . .     Gourm    .     (armour unavailable)
rNeg   . . .     Faith    .     (shield currently unavailable)
rPois  .         Spirit   .     (helmet currently unavailable)
rElec  .         Dismiss  .     (cloak currently unavailable)
rCorr  .         Reflect  .     (gloves currently unavailable)
MR     .....     Harm     .     (boots currently unavailable)
Stlth  +.........               (no amulet)
                                (ring currently unavailable)
                                (ring currently unavailable)

@: bat-form, flying, very quick
A: unfitting armour, (cold-blooded), AC +5
a: no special abilities


You were on level 1 of the Dungeon.
You were not hungry.
You were in bat-form.
You visited 1 branch of the dungeon, and saw 2 of its levels.

You collected 13 gold pieces.

Inventory:

Hand Weapons
 a - a +1 long sword (melded)
Missiles
 g - 12 stones (quivered)
Armour
 b - a +0 shield (melded)
Jewellery
 e - an uncursed amulet of the gourmand
 i - an uncursed ring of positive energy {unknown}
Potions
 c - a potion of might
 f - a potion of lignification
 h - a potion of curing {unknown}
Comestibles
 d - 2 bread rations


   Skills:
 + Level 3.5 Fighting
 + Level 2.3 Long Blades
 + Level 3.1 Dodging
 + Level 3.5 Shields


You had 2 spell levels left.
You didn't know any spells.

Dungeon Overview and Level Annotations

Branches:
Dungeon (2/15)

Altars:

Annotations:
D:1 Robin


Innate Abilities, Weirdness & Mutations

((Your plain brown scales are hard. (AC +5)))
You cannot fit into any form of body armour.
((You are cold-blooded and may be slowed by cold attacks.))


Message History

The hobgoblin misses you. The goblin barely misses you.
The goblin hits you with a club.
You hit Robin but do no damage.
Robin is moderately wounded.
The goblin completely misses you. Robin hits you with a mace.
You hit Robin but do no damage.
Robin is moderately wounded.
The hobgoblin misses you. The goblin hits you. The goblin barely misses you.
You can't go down here!
The goblin closely misses you. The hobgoblin barely misses you.
The goblin misses you. The goblin hits you with a club.
You fly upwards.
There is a stone staircase leading down here.
You hit the goblin but do no damage. The goblin barely misses you.
The hobgoblin completely misses you.
You hit the goblin but do no damage. The goblin hits you with a club!
* * * LOW HITPOINT WARNING * * *
The goblin completely misses you.
You hit the goblin but do no damage. The hobgoblin hits you!
You die...

#..........#
#..........#
#..........#
#..........#
#.....)....##
######............
#g................
#g#############.#.
#bg...............
####g#############.#.
#...g.....# ####.#.
#.........# #..#.#.
#.........# #..#.#.
#.........# #..#.#.
#.........# #..#.#.
#.........# #..#.#.
####'##########..#.#.


You could see Robin, a hobgoblin and 3 goblins.

Vanquished Creatures
  A dart slug (D:1)
  A leopard gecko (D:1)
  A giant cockroach (D:1)
  9 goblins
  5 hobgoblins
  2 jackals (D:1)
  4 kobolds (D:1)
  A bat (D:1)
  2 frilled lizards (D:1)
  4 rats (D:1)
30 creatures vanquished.

Notes
Turn   | Place    | Note
-------+----------+-------------------------------------------
     0 | D:1      | Itekku the Draconian Fighter began the quest for the Orb.
     0 | D:1      | Reached XP level 1. HP: 19/19 MP: 1/1
   334 | D:1      | Reached XP level 2. HP: 21/26 MP: 2/2
   904 | D:1      | Reached XP level 3. HP: 31/31 MP: 3/3
  1260 | D:2      | Noticed Robin
  1589 | D:1      | Slain by a hobgoblin

Vault maps used:
D:1:      saegor_arrival_simple_f
D:2:      uniq_terence, uniq_robin, uniq_natasha

Skill      XL: |  1  2 |
---------------+-------+-----
Dodging        | 3 |  3.1
Fighting       | |  3.5
Long Blades    | |  2.3
Shields        | |  3.5

Action                   || total
-------------------------++-------
Melee: Long sword        ||    82
       Tailslap          ||     7
       Unarmed           ||     5
  Use: Scroll            ||     2
  Eat: Chunk             ||     2
Armor: Skin              ||    24
Dodge: Dodged            ||    47
Block: Shield            ||    35
